 Dungeon Crawl Stone Soup version 0.30-a0-374-g95c0257040 (webtiles) character file.

Game seed: 14576570448058323324

4106 BritishOli the Fighter (level 10, -7/89 HPs)
             Began as a Demonspawn Fighter on Nov 25, 2022.
             Was a Priest of Makhleb.
             Mangled by a vampire
             ... wielding a +1 vampiric halberd
              (14 damage)
             ... in a bailey.
             The game lasted 00:11:55 (5900 turns).

BritishOli the Fighter (Demonspawn Fighter)         Turns: 5900, Time: 00:11:56

Health: -7/89      AC: 17    Str: 21    XL:     10   Next: 6%
Magic:  10/10      EV: 13    Int: 12    God:    Makhleb [***...]
Gold:   379        SH:  5    Dex: 19    Spells: 9/9 levels left

rFire   . . .      SeeInvis .    q - +2 hand axe (elec)
rCold   . . .      Faith    .    c - +0 buckler
rNeg    . . .      Spirit   .    k - +6 scale mail of the Forest {Stlth+}
rPois   .          Reflect  .    a - +0 helmet {Int+3}
rElec   .          Harm     .    A - +0 cloak
rCorr   .          Rampage  .    (no gloves)
Will    .....                    (no boots)
Stlth   +.........               z - amulet of regeneration
HPRegen 1.14/turn                m - +4 ring of evasion
MPRegen 0.12/turn                p - +6 ring of dexterity

@: no status effects
A: icy blue scales 1, demonic guardian 1, powered by death 3
a: Renounce Religion, Minor Destruction, Lesser Servant of Makhleb


You were in a bailey.
You worshipped Makhleb.
Makhleb was most pleased with you.
You visited 1 branch of the dungeon, and saw 8 of its levels.
You also visited: Bailey.

You collected 379 gold pieces.

Inventory:

Hand Weapons
 q - a +2 hand axe of electrocution (weapon)
 D - the +1 halberd of Pucol {vamp, Contam Will++ Dex+2}
   (You found it on level 8 of the Dungeon)

   It occasionally heals its wielder for a portion of the damage dealt when it
   wounds a living foe.
   Dex:       It affects your dexterity (+2).
   Contam:    It causes magical contamination when unequipped.
   Will:      It greatly increases your willpower.
Missiles
 u - a throwing net (quivered)
Armour
 a - a +0 helmet of intelligence (worn)
 c - a +0 buckler (worn)
 k - the +6 scale mail of the Forest (worn) {Stlth+}
   (You found it on level 3 of the Dungeon)

   Stlth:     It makes you more stealthy.
 A - a +0 cloak (worn)
Jewellery
 m - a +4 ring of evasion (left hand)
 p - a +6 ring of dexterity (right hand)
 v - a +6 ring of intelligence
 z - an amulet of regeneration (around neck)
Wands
 y - a wand of quicksilver (7)
 C - a wand of roots (5)
Scrolls
 f - 2 scrolls of poison
 g - 2 scrolls of fear
 i - 2 scrolls of magic mapping
 l - a scroll of teleportation
 n - a scroll of brand weapon
 r - a scroll of enchant armour
 s - a scroll of silence {unknown}
Potions
 b - a potion of resistance {unknown}
 d - 2 potions of might
 h - a potion of flight {unknown}
 o - a potion of haste {unknown}
 t - a potion of lignification {unknown}
 w - a potion of cancellation {unknown}


   Skills:
 * Level 12.1 Fighting
 + Level 7.9 Axes
 - Level 3.0 Armour
 - Level 3.0 Shields


You had 9 spell levels left.
You didn't know any spells.
Your spell library contained the following spells:

 Spells                   Type           Power      Damage    Failure   Level
 Magic Dart               Conj           0%         1d3       75%         1
 Call Imp                 Summ           0%         N/A       87%         2
 Ensorcelled Hibernation  Hex/Ice        0%         N/A       87%         2
 Ignite Poison            Fire/Tmut/Pois 0%         N/A       98%         3
 Kindle Blastsparks       Fire/Tloc/Air  0%         2d10      98%         3
 Mephitic Cloud           Conj/Pois/Air  0%         N/A       98%         3
 Spider Form              Tmut/Pois      0%         N/A       98%         3
 Anguish                  Hex/Necr       0%         N/A       100%        4
 Freezing Cloud           Conj/Ice/Air   0%         6-21      100%        5


Dungeon Overview and Level Annotations

Branches:
Dungeon (8/15)             Temple (0/1) D:4          Bailey (1/1)
   Lair: D:8-11

Altars:
Ashenzari
Cheibriados
Makhleb
Trog

Shops:
D:8 *


Innate Abilities, Weirdness & Mutations

You are partially covered in icy blue scales. (AC +2)
A weak demonic guardian rushes to your aid.
You regenerate a lot of health from kills.


Message History

You hear some strange, mumbled words.
You are confused.
You hit something. Something hits you! Something bites you!
Something draws strength from your injuries!
You closely miss something. You miss something.
You hear some strange, mumbled words.
Something tries to affect you, but you resist.
You bump into the stone wall.
Something hits you. Something bites you but does no damage. Something hits you!
Something bites you but does no damage. Something hits you!
* * * LOW HITPOINT WARNING * * *
You are too confused!
You feel less confused. Something hits you but does no damage.
You see here a +2 plate armour of positive energy.
Something hits you!
* * * LOW HITPOINT WARNING * * *
A demonic guardian appears!
You swap places.
Something hits you.
* * * LOW HITPOINT WARNING * * *
Something bites you.
* * * LOW HITPOINT WARNING * * *
Something draws strength from your injuries!
Something hits you.
* * * LOW HITPOINT WARNING * * *
Something completely misses you.
You see here a +0 halberd.
You feel better. Something hits you.
* * * LOW HITPOINT WARNING * * *
Something bites you but does no damage.
You closely miss something. Something hits you.
* * * LOW HITPOINT WARNING * * *
Something bites you but does no damage.
You hit something. Something hits you!
* * * LOW HITPOINT WARNING * * *
Something bites you but does no damage.
There is a strange disturbance nearby!
You feel better. Something hits you!
You die...

##### #8!!8 ## [..[
#8. #. #.. #
#############..# ##
#.[#8......8#...##{
#55#8.......##.....
#{@#######...##....
#.)#8....##)..##++#
####'#......#........
#....#.....).....)...
#....#...#....#######
#....'...##..##.....8
#....'...!####.......
#....####...#........
#....#..#...........#


You could see a friendly shadow imp (summoned) and a friendly ufetubus
(summoned).

Vanquished Creatures
  A hornet (D:7)
  2 water moccasins (D:6)
  A black bear (D:6)
  3 orc warriors
  An ice beast (D:6)
  A sky beast (D:7)
  An ogre (D:7)
  5 centaurs
  3 phantoms
  2 necrophages
  2 bullfrogs
  2 gnoll sergeants
  A scorpion (D:6)
  7 wights
  10 killer bees
  6 vampire bats (Bailey)
  3 orc priests
  A jelly (D:6)
  An iron imp (D:6)
  2 iguanas
  5 orc wizards
  8 adders
  11 gnolls
  A white imp (D:6)
  5 worms
  5 dart slugs
  25 orcs
  4 ball pythons
  8 endoplasms
  4 giant cockroaches
  8 goblins
  5 hobgoblins
  5 kobolds
  2 quokkas
  6 bats
  3 frilled lizards (D:1)
  14 orc zombies (Bailey)
  5 rats
179 creatures vanquished.

Vanquished Creatures (collateral kills)
  A gargoyle (Bailey)
  A gnoll (D:8)
2 creatures vanquished.

Grand Total: 181 creatures vanquished

Notes
Turn   | Place    | Note
-------+----------+-------------------------------------------
     0 | D:1      | BritishOli the Demonspawn Fighter began the quest for the
                  | Orb.
     0 | D:1      | Reached XP level 1. HP: 18/18 MP: 1/1
    85 | D:1      | Gained mutation: You regenerate a little health from kills.
                  | [demonic ancestry]
    85 | D:1      | Reached XP level 2. HP: 18/24 MP: 2/2
   339 | D:1      | Gained mutation: You regenerate health from kills. [demonic
                  | ancestry]
   339 | D:1      | Reached XP level 3. HP: 29/29 MP: 3/3
  1329 | D:3      | Found a burning altar of Makhleb.
  1346 | D:3      | Identified the +6 scale mail of the Forest {Stlth+}
  1368 | D:3      | Became a worshipper of Makhleb the Destroyer
  1435 | D:3      | Reached skill level 4 in Fighting
  1435 | D:3      | Reached XP level 4. HP: 37/37 MP: 4/4
  2249 | D:4      | Found a staircase to the Ecumenical Temple.
  2284 | D:4      | Reached skill level 5 in Fighting
  2284 | D:4      | Reached XP level 5. HP: 40/44 MP: 5/5
  2290 | D:4      | Reached * piety under Makhleb
  2291 | D:4      | Gained mutation: You are partially covered in icy blue
                  | scales. (AC +2) [demonic ancestry]
  2291 | D:4      | Reached XP level 6. HP: 26/52 MP: 6/6
  2574 | D:4      | Reached skill level 6 in Fighting
  3003 | D:5      | Entered Level 5 of the Dungeon
  3063 | D:5      | Gained mutation: You regenerate a lot of health from kills.
                  | [demonic ancestry]
  3063 | D:5      | Reached XP level 7. HP: 57/59 MP: 7/7
  3127 | D:5      | Found a bloodstained altar of Trog.
  3272 | D:5      | Reached skill level 7 in Fighting
  3687 | D:6      | Reached skill level 5 in Axes
  3697 | D:6      | Reached skill level 8 in Fighting
  3697 | D:6      | Reached XP level 8. HP: 68/68 MP: 8/8
  3730 | D:6      | Reached ** piety under Makhleb
  3883 | D:6      | Reached skill level 9 in Fighting
  3978 | D:6      | Found a broken altar of Ashenzari.
  4102 | D:6      | Reached skill level 10 in Fighting
  4102 | D:6      | Gained mutation: A weak demonic guardian rushes to your
                  | aid. [demonic ancestry]
  4102 | D:6      | Reached XP level 9. HP: 78/78 MP: 9/9
  4454 | D:6      | Found a snail-covered altar of Cheibriados.
  4862 | D:7      | Reached skill level 11 in Fighting
  5136 | D:8      | Found Izeez's Assorted Antiques.
  5161 | D:8      | Reached *** piety under Makhleb
  5557 | D:8      | Found a flagged portal.
  5565 | D:8      | Identified the +1 halberd of Pucol {vamp, Contam Will++
                  | Dex+2}
  5569 | Bailey   | Entered a bailey
  5673 | Bailey   | Noticed a gargoyle
  5703 | Bailey   | Killed a gargoyle
  5704 | Bailey   | Reached skill level 12 in Fighting
  5704 | Bailey   | Reached XP level 10. HP: 26/89 MP: 10/10
  5775 | Bailey   | Found the +3 pair of mountain boots {steadfast, rC+}
  5896 | Bailey   | HP: 4/89 [something (6)]
  5899 | Bailey   | HP: 1/89 [something (9)]
  5900 | Bailey   | Mangled by a vampire

Illustrated notes

Levels and vault maps discovered:
D:1:      minmay_arrival_five_plusses, layout_basic, minmay_crystal_room
D:2:      layout_loops_cross
D:3:      minmay_inner_zag, layout_loops_ring, nicolae_overflow_crystal_walls
D:4:      layout_gridville, minmay_temple_entry_stoned_glass
D:5:      wander_river, layout_gridville, trog_three_pillars_becter,
          lemuel_flamethrower_2
D:6:      layout_loops_ring, chei_slow_surprise, mainiacjoe_overflow_24_doors,
          nrook_campfire
D:7:      layout_rooms, elyvilon_altar_3
D:8:      layout_gridville, serial_shops, nicolae_shop_overgrown_old_shop,
          enter_bailey_2
Bailey:   bailey_polearm_vampire_castle_hellmonk, bailey

Skill      XL: |  1  2  3  4  5  6  7  8  9 |
---------------+----------------------------+-----
Axes           | 2 3 4 5 6 7 |  7.9
Armour         | 3 |  3.0
Shields        | 3 |  3.0
Fighting       | 4 5 6 8 10 12 | 12.1

Action                   |  1- 3 |  4- 6 |  7- 9 | 10-12 || total
-------------------------+-------+-------+-------+-------++-------
Melee: War axe           |   121 |    43 |       |       ||   164
       Hand axe          |       |    57 |   356 |    37 ||   450
Invok: Lesser Servant of |       |       |     1 |     1 ||     2
Evoke: Wand              |       |       |     1 |       ||     1
  Use: Scroll            |       |       |     2 |     9 ||    11
       Potion            |       |       |       |     2 ||     2
 Stab: Sleeping          |       |       |     5 |       ||     5
       Distracted        |       |       |     1 |       ||     1
Armor: Scale mail        |    71 |    47 |   167 |    31 ||   316
Dodge: Dodged            |    59 |    56 |   220 |    21 ||   356
Block: Buckler           |    30 |    21 |   106 |     9 ||   166

Table legend: (Time is in decaauts)
 A = Elapsed time spent in this place.
 B = Non-inter-level travel time spent in this place.
 C = Inter-level travel time spent in this place.
 D = Time resting spent in this place.
 E = Time spent auto-exploring this place.
 F = Levels seen in this place.
 G = Mean time per level.
                   A        B        C        D        E       F      G
               +--------+--------+--------+--------+--------+-----+--------+
         Total |   6008 |   5806 |    202 |    219 |   3937 |   9 |  667.6 |
       Dungeon |   5680 |   5478 |    202 |    126 |   3892 |   8 |  710.0 |
        Bailey |    327 |    327 |      0 |     93 |     45 |   1 |  327.0 |
               +--------+--------+--------+--------+--------+-----+--------+

Top non-repeatable levels by time:
     D:6: 978 daAuts
     D:3: 890 daAuts
     D:4: 840 daAuts
     D:1: 711 daAuts
     D:5: 668 daAuts
     D:2: 638 daAuts
     D:8: 512 daAuts
     D:7: 441 daAuts
  Bailey: 327 daAuts
